 Dungeon Crawl Stone Soup version 0.30.1-4-g462c640d31 (webtiles) character file.

Game seed: 12145715930882252534

5404 Diggabert the Covered (level 10, -17/51 HPs)
             Began as a Vine Stalker Fighter on Aug 12, 2023.
             Was a Follower of Uskayaw.
             Killed from afar by a gargoyle (20 damage)
             ... with a stone arrow
             ... on level 8 of the Dungeon.
             The game lasted 00:19:07 (6459 turns).

Diggabert the Covered (Vine Stalker Fighter)        Turns: 6459, Time: 00:19:08

Health: -17/51     AC: 13    Str: 23    XL:     10   Next: 67%
Magic:  0/14       EV:  9    Int:  8    God:    Uskayaw [*.....]
Gold:   518        SH:  7    Dex: 26    Spells: 9/9 levels left

rFire   . . .        H - +0 dagger (elec)
rCold   . . .        c - +0 buckler
rNeg    . . .        y - +0 plate armour
rPois   .            (no helmet)
rElec   .            (no cloak)
rCorr   .            (no gloves)
SInv    .            (no boots)
Will    +....        G - amulet of magic regeneration Stlth
                     I - +6 ring of dexterity
HPRegen 1.08/turn    p - +6 ring of dexterity
MPRegen 0.54/turn

%: guardian spirit
@: no status effects
A: fangs 3, regeneration 1, magic shield, antimagic bite, no potion heal 2
a: Renounce Religion, Stomp


You were on level 8 of the Dungeon.
You worshipped Uskayaw.
Uskayaw was noncommittal.
You visited 2 branches of the dungeon, and saw 9 of its levels.
You also visited: Sewer.

You collected 518 gold pieces.

Inventory:

Hand Weapons
 a - a +0 rapier
 H - a +0 dagger of electrocution (weapon)
 K - a +0 spear of flaming
 L - a +3 trident
Missiles
 b - a throwing net
 n - a boomerang
 s - 31 poisoned darts (quivered)
 J - 2 boomerangs of dispersal
Armour
 c - a +0 buckler (worn)
 y - a +0 plate armour (worn)
Jewellery
 f - a ring of see invisible
 p - a +6 ring of dexterity (right hand)
 G - an amulet of magic regeneration (around neck)
 I - a +6 ring of dexterity (left hand)
Wands
 g - a wand of flame (45)
 m - a wand of digging (5)
Scrolls
 e - 2 scrolls of enchant weapon {unknown}
 i - 2 scrolls of fear {unknown}
 l - 7 scrolls of poison
 o - a scroll of silence {unknown}
 q - 2 scrolls of magic mapping {unknown}
 r - a scroll of torment {unknown}
 u - 2 scrolls of blinking {unknown}
 v - a scroll of amnesia {unknown}
 x - a scroll of acquirement {unknown}
 B - 2 scrolls of vulnerability
 D - a scroll of fog {unknown}
 F - 2 scrolls of teleportation {unknown}
Potions
 d - 2 potions of might
 h - a potion of brilliance {unknown}
 j - 2 potions of curing {unknown}
 t - 3 potions of magic
 w - 3 potions of invisibility
 z - 3 potions of cancellation
 A - a potion of mutation {unknown}
 C - 2 potions of flight
 E - 5 potions of haste


   Skills:
 * Level 5.4 Fighting
 * Level 7.4 Short Blades
 * Level 7.6 Armour
 * Level 4.2 Dodging
 * Level 5.8 Shields
 * Level 4.2 Invocations


You had 9 spell levels left.
You didn't know any spells.
Your spell library contained the following spells:

 Spells                   Type           Power      Damage    Failure   Level
 Magic Dart               Conj           0%         1d3       100%        1
 Sandblast                Erth           0%         2d4       100%        1
 Call Imp                 Summ           0%         N/A       100%        2
 Passwall                 Tmut/Erth      0%         N/A       100%        2
 Mephitic Cloud           Conj/Pois/Air  0%         N/A       100%        3
 Stone Arrow              Conj/Erth      0%         3d7       100%        3


Dungeon Overview and Level Annotations

Branches:
Dungeon (8/15)             Temple (1/1) D:4           Sewer (visited)
   Lair: D:8-11

Altars:
Ashenzari
Dithmenos
Elyvilon
Fedhas
Gozag
Hepliaklqana
Kikubaaqudgha
Makhleb
Okawaru
Qazlal
Ru
Trog
Uskayaw
Vehumet
Wu Jian
Xom
Zin
The Shining One

Shops:
D:1 (   D:8 [?


Innate Abilities, Weirdness & Mutations

You have razor-sharp teeth.
Your natural rate of healing is unusually fast.
When hurt, damage is shared between your health and your magic reserves.
Your bite disrupts and absorbs the magic of your enemies.
Potions cannot restore your health.


Message History

You barely miss the gargoyle.
You bite the gargoyle, but do no damage.
The gargoyle is lightly damaged.
You hit the gargoyle but do no damage.
The gargoyle is lightly damaged.
The gargoyle hurls a stone arrow at you.
The stone arrow hits you!
You are too injured to fight recklessly!
You are too injured to fight recklessly!
You are too injured to fight recklessly!
You barely miss the gargoyle.
You bite the gargoyle, but do no damage.
The gargoyle is lightly damaged.
The gargoyle hits you with a +0 mace!
* * * LOW HITPOINT WARNING * * *
You completely miss the gargoyle.
The gargoyle is lightly damaged.
You hit the gargoyle but do no damage.
The gargoyle is lightly damaged.
The gargoyle hits you but does no damage.
You hit the gargoyle but do no damage.
You bite the gargoyle, but do no damage.
The gargoyle is lightly damaged.
You hit the gargoyle but do no damage.
The gargoyle is lightly damaged.
The gargoyle hits you with a +0 mace!
* * * LOW HITPOINT WARNING * * *
You hit the gargoyle but do no damage. You bite the gargoyle.
You drain its power.
You feel invigorated.
The gargoyle is moderately damaged.
The gargoyle hits you with a +0 mace!!
* * * LOW HITPOINT WARNING * * *
Okay, then.
You barely miss the gargoyle.
The gargoyle is moderately damaged.
You barely miss the gargoyle.
The gargoyle is moderately damaged.
The gargoyle hurls a stone arrow at you.
The stone arrow hits you!!
You die...

##...##8#..#.........
#+.....'###.#....#####
#.......#.#.#####.....
#+.^.....)## # .####
#....8....# .#...
#+.......)## .# #
#.......#.# .# +
#+.....'### .# #
##+.@##8# + ###9### #
## #.# ... #.# #. #


You could see a gargoyle.

Vanquished Creatures
  The ghost of jujuben the Magician, a novice SpCj (D:7)
  A deep elf pyromancer (D:7)
  A manticore (D:7)
  2 gargoyles (D:8)
  A hornet (D:7)
  Eustachio (D:5)
  A steam dragon (D:7)
  A water moccasin (D:7)
  An orc warrior (D:7)
  A sky beast (D:7)
  3 black bears
  An ogre (D:7)
  A centaur (D:5)
  4 phantoms
  A kobold brigand (D:6)
  5 bullfrogs
  Blork the orc (D:5)
  2 scorpions (D:7)
  A gnoll sergeant (D:7)
  6 killer bees (D:7)
  8 hounds
  2 jellies
  3 orc priests
  A gnoll bouda (D:8)
  3 sleepcaps
  9 iguanas
  4 orc wizards
  12 adders
  10 gnolls
  8 river rats
  3 white imps
  4 ufetubi
  2 worms (D:2)
  A dart slug (D:3)
  26 orcs
  18 ball pythons
  4 endoplasms
  4 giant cockroaches
  3 goblins
  3 hobgoblins
  3 quokkas
  2 bats
  3 frilled lizards
  17 kobolds
  27 rats
216 creatures vanquished.

Notes
Turn   | Place    | Note
-------+----------+-------------------------------------------
     0 | D:1      | Diggabert the Vine Stalker Fighter began the quest for the
                  | Orb.
     0 | D:1      | Reached XP level 1. HP: 11/11 MP: 2/2
   115 | D:1      | Found Pemy's Weapon Boutique.
   513 | D:1      | Reached XP level 2. HP: 16/16 MP: 3/3
   942 | D:2      | Reached XP level 3. HP: 19/19 MP: 4/4
  1396 | D:3      | Found a burning altar of Makhleb.
  1476 | D:3      | Gained mutation: Your natural rate of healing is unusually
                  | fast. [Vine Stalker growth]
  1476 | D:3      | Reached XP level 4. HP: 20/24 MP: 3/5
  1701 | D:3      | Found a faded altar of an unknown god.
  1709 | D:3      | Reached skill level 1 in Dodging
  1812 | D:3      | Found a glowing drain.
  1827 | D:3      | Reached XP level 5. HP: 22/28 MP: 4/6
  1834 | Sewer    | Entered a sewer
  2227 | Sewer    | Reached XP level 6. HP: 27/32 MP: 4/7
  2996 | D:4      | Noticed a black bear
  3003 | D:4      | Killed a black bear
  3004 | D:4      | Reached XP level 7. HP: 35/36 MP: 8/8
  3072 | D:4      | Found a staircase to the Ecumenical Temple.
  3179 | Temple   | Entered the Ecumenical Temple
  3226 | Temple   | Became a worshipper of Uskayaw the Reveller
  3409 | D:5      | Entered Level 5 of the Dungeon
  3424 | D:5      | Reached * piety under Uskayaw
  3427 | D:5      | Reached ** piety under Uskayaw
  3430 | D:5      | Reached *** piety under Uskayaw
  3539 | D:5      | Reached **** piety under Uskayaw
  3541 | D:5      | Reached skill level 1 in Invocations
  3541 | D:5      | Gained mutation: You have razor-sharp teeth. [Vine Stalker
                  | growth]
  3541 | D:5      | Reached XP level 8. HP: 38/42 MP: 7/9
  3548 | D:5      | Reached ***** piety under Uskayaw
  3551 | D:5      | Reached skill level 5 in Short Blades
  3560 | D:5      | Noticed Eustachio
  3584 | D:5      | Killed Eustachio
  3625 | D:5      | Noticed Blork the orc
  3633 | D:5      | Killed Blork the orc
  3845 | D:5      | Found an ornate altar of the Wu Jian Council.
  3995 | D:6      | Reached skill level 5 in Armour
  4208 | D:6      | Reached XP level 9. HP: 44/46 MP: 9/11
  4815 | D:6      | Found an ancient bone altar of Kikubaaqudgha.
  4965 | D:7      | HP: 2/46 [killer bee (1)]
  4970 | D:7      | HP: 2/46 [poisoned by a killer bee]
  5165 | D:7      | Found a shimmering altar of Xom.
  5165 | D:7      | Found a broken altar of Ashenzari.
  5172 | D:7      | Found a stormy altar of Qazlal.
  5340 | D:7      | Noticed a hornet
  5341 | D:7      | Noticed a deep elf pyromancer
  5349 | D:7      | Paralysed by a hornet for 3 turns
  5354 | D:7      | Killed a hornet
  5357 | D:7      | Killed a deep elf pyromancer
  5358 | D:7      | Reached skill level 5 in Fighting
  5358 | D:7      | Reached skill level 5 in Shields
  5579 | D:7      | Found a runed translucent door.
  5579 | D:7      | Noticed jujuben's ghost (novice SpCj)
  5718 | D:7      | Reached XP level 10. HP: 51/51 MP: 13/13
  5807 | D:7      | Noticed a manticore
  5828 | D:7      | Killed a manticore
  6144 | D:7      | Killed jujuben's ghost
  6193 | D:8      | Found Raofeg's Magic Scroll Emporium.
  6193 | D:8      | Found Wiwerphig's Antique Armour Emporium.
  6315 | D:8      | Noticed a gargoyle
  6331 | D:8      | Killed a gargoyle
  6362 | D:8      | Noticed a gargoyle
  6385 | D:8      | HP: 1/51 [gargoyle/+0 mace (5)]
  6391 | D:8      | Killed a gargoyle
  6445 | D:8      | Noticed a gargoyle
  6457 | D:8      | HP: 2/51 [gargoyle/+0 mace (7)]
  6459 | D:8      | Killed from afar by a gargoyle

Illustrated notes

Levels and vault maps discovered:
D:1:      dpeg_arrival_rhombus, layout_basic, serial_shops,
          nicolae_shop_bloodbath_and_beyond
D:2:      layout_basic
D:3:      layout_loops_cross, lemuel_doored_altar,
          hellmonk_ecumenical_altar_crossroads, portal_sewer_entry_e,
          dreamdust_wishing_well
D:4:      layout_basic, temple_doors_e, grunt_decor_junction
D:5:      layout_cave_pools, marbit_many_paths, chequers_serial_rivers_room_a,
          hellmonk_no_cap, uniq_blork_the_orc, uniq_eustachio
D:6:      layout_basic, kennysheep_mini_moat, minivault_24, nicolae_half_adder
D:7:      nzn_winding_woodlands_three_and_one
          [nzn_winding_woodlands_5x15_sawtooth,
          nzn_winding_woodlands_5x15_default,
          nzn_winding_woodlands_5x15_crooked,
          nzn_winding_woodlands_center_garden], layout_basic,
          chequers_temple_overflow_statue_of_worship,
          hellmonk_ghost_happy_afterlife
D:8:      cheibrodos_statue_roulette, layout_basic,
          yredelemnul_forgotten_temple_becter, serial_shops,
          nicolae_shop_tiny_glass, nicolae_shop_rolling_square,
          nicolae_shop_tiny_glass, uniq_erica, uniq_pikel
Temple:   nicolae_temple_ecumenical_triangle

Skill      XL: |  1  2  3  4  5  6  7  8  9 10 |
---------------+-------------------------------+-----
Fighting       | 3 4 5 |  5.4
Short Blades   | 2 3 4 5 6 7 |  7.4
Shields        | 3 4 5 |  5.8
Armour         | 3 4 5 6 7 |  7.6
Dodging        | 1 2 3 4 |  4.2
Invocations    | 1 2 3 4 |  4.2

Action                     |  1- 3 |  4- 6 |  7- 9 | 10-12 || total
---------------------------+-------+-------+-------+-------++-------
  Melee: Rapier            |    76 |   215 |   191 |       ||   482
         Bite              |    21 |    51 |   107 |    54 ||   233
         Dagger            |       |       |   112 |   120 ||   232
 Invoke: Line Pass         |       |       |     1 |       ||     1
    Use: Scroll            |     2 |     2 |     4 |     2 ||    10
         Potion            |       |     2 |     2 |     1 ||     5
   Stab: Paralysed         |       |       |    10 |     1 ||    11
         Confused          |       |       |     1 |       ||     1
 Armour: Scale mail        |    24 |   104 |   106 |       ||   234
         Chain mail        |       |       |    16 |       ||    16
         Plate armour      |       |       |       |    20 ||    20
  Dodge: Dodged            |    27 |   136 |   201 |    24 ||   388
  Block: Buckler           |    12 |    95 |    98 |    29 ||   234
